 Dungeon Crawl Stone Soup version 0.28.0-47-ge53b351184 (webtiles) character file.

Game seed: 7750232606908453113

12039 MrIGI the Fighter (level 11, 0/95 HPs)
             Began as a Mummy Fighter on May 9, 2022.
             Was a High Priest of Cheibriados.
             Slain by a spectral orc warrior
             ... wielding a +0 glaive
             ... summoned by Nergalle
              (3 damage)
             ... on level 10 of the Dungeon.
             The game lasted 01:04:23 (10867 turns).

MrIGI the Fighter (Mummy Fighter)                  Turns: 10867, Time: 01:04:26

Health: 0/95       AC: 12    Str: 40    XL:     11   Next: 57%
Magic:  13/14      EV: 10    Int: 19    God:    Cheibriados [*****.]
Gold:   640        SH:  6    Dex: 19    Spells: 10/10 levels left

rFire   . . .      SeeInvis .   b - +7 hand axe of Unabass {vamp, Fly}
rCold   + + .      Faith    .   c - +0 buckler
rNeg    + + +      Spirit   .   k - +1 chain mail of Undesirable Species {Str+5 Dex-3}
rPois   ∞          Reflect  .   r - +0 helmet
rElec   .          Harm     .   (no cloak)
rCorr   .          Rampage  .   (no gloves)
Will    +....                   (no boots)
Stlth   ..........              n - amulet of regeneration
HPRegen 1.05/turn               z - ring of protection from cold
MPRegen 0.14/turn               C - ring of protection from fire

@: flying, very slow
A: cold resistance 1, negative energy resistance 3, torment resistance 2, heat
vulnerability 1, no potions
a: Renounce Religion, Bend Time, Temporal Distortion, Slouch, Step From Time


You were on level 10 of the Dungeon.
You worshipped Cheibriados.
Cheibriados was extremely pleased with you.
You visited 2 branches of the dungeon, and saw 11 of its levels.

You collected 640 gold pieces.

Inventory:

Hand Weapons
 b - the +7 hand axe of Unabass (weapon) {vamp, Fly}
   (You took it off an orc on level 4 of the Dungeon)

   It occasionally heals its wielder for a portion of the damage dealt when it
   wounds a living foe.
   Fly:       It grants you flight.
 l - a +2 flail of protection
 t - a +0 hunting sling
 u - a +3 quarterstaff of chaos
 w - a +1 demon blade of draining
 x - a +1 vorpal war axe
 y - a +4 dagger of chaos
 B - a +0 antimagic spear
 E - a +0 spear of venom
 K - a +0 flail of protection
 N - a +1 vorpal quarterstaff
Missiles
 f - 4 curare-tipped darts (quivered)
Armour
 c - a +0 buckler (worn)
 k - the +1 chain mail of Undesirable Species (worn) {Str+5 Dex-3}
   (You found it on level 3 of the Dungeon)

   Str:       It affects your strength (+5).
   Dex:       It affects your dexterity (-3).
 r - a +0 helmet (worn)
 v - a +0 cloak
 G - a scarf of harm
Jewellery
 n - an amulet of regeneration (around neck)
 o - a +6 ring of intelligence
 z - a ring of protection from cold (left hand)
 C - a ring of protection from fire (right hand)
 D - a ring of protection from cold
 F - a ring of flight
Wands
 m - a wand of flame (44)
 p - a wand of digging (4)
 H - a wand of iceblast (8)
 L - a wand of paralysis (6)
Scrolls
 a - 3 scrolls of fog
 d - 3 scrolls of immolation
 e - 2 scrolls of teleportation
 h - 3 scrolls of identify
 i - 2 scrolls of fear
 j - 2 scrolls of noise
 q - a scroll of acquirement
 s - 5 scrolls of magic mapping
 A - 2 scrolls of enchant armour
 I - a scroll of amnesia {unknown}
 J - a scroll of enchant weapon {unknown}
 M - a scroll of holy word {unknown}


   Skills:
 * Level 12.1 Fighting
 - Level 8.1(8.3) Axes
 - Level 1.3(5.2) Maces & Flails
 - Level 1.6(5.3) Polearms
 - Level 6.8 Armour
 + Level 2.6 Dodging
 + Level 1.3 Stealth
 - Level 4.2 Shields
 - Level 4.0 Invocations


You had 10 spell levels left.
You didn't know any spells.
Your spell library contained the following spells:

 Spells                   Type           Power      Damage    Failure   Level
 Apportation              Tloc           0%         N/A       63%         1
 Summon Small Mammal      Summ           0%         N/A       63%         1
 Corpse Rot               Necr/Air       0%         N/A       77%         2
 Poisonous Vapours        Pois/Air       0%         N/A       77%         2
 Call Canine Familiar     Summ           0%         N/A       94%         3
 Ozocubu's Armour         Ice            0%         N/A       94%         3
 Stone Arrow              Conj/Erth      0%         3d7       94%         3
 Summon Guardian Golem    Hex/Summ       0%         N/A       94%         3
 Animate Armour           Summ/Erth      0%         N/A       100%        4
 Alistair's Intoxication  Tmut/Pois      0%         N/A       100%        5
 Fireball                 Conj/Fire      0%         3d3       100%        5
 Iskenderun's Battlesphe  Conj           0%         2d6       100%        5
 Conjure Ball Lightning   Conj/Air       0%         3x3d6     100%        6
 Orb of Destruction       Conj           0%         9d5       100%        7
 Ozocubu's Refrigeration  Ice            0%         4d5       100%        7
 Lehudib's Crystal Spear  Conj/Erth      0%         10d2      100%        8


Dungeon Overview and Level Annotations

Branches:
Dungeon (10/15)            Temple (1/1) D:5            Lair (0/6) D:10
    Orc: D:9-12

Altars:
Ashenzari
Cheibriados
Dithmenos
Elyvilon
Hepliaklqana
Kikubaaqudgha
Makhleb
Nemelex Xobeh
Okawaru
Qazlal
Ru
Trog
Uskayaw
Vehumet
Wu Jian
Xom
Yredelemnul
Zin
Beogh

Annotations:
D:10 Nergalle


Innate Abilities, Weirdness & Mutations

You are immune to poison.
Your flesh is cold resistant. (rC+)
You are immune to negative energy. (rN+++)
You are immune to unholy pain and torment.
You are vulnerable to heat. (rF-)
You do not drink.


Message History

* * * LOW HITPOINT WARNING * * *
The deep elf pyromancer gestures at you while chanting.
The sticky flame hits you but does no damage.
You are covered in liquid flames!
You slash the deep elf pyromancer!
You feel better.
You kill the deep elf pyromancer!
Cheibriados appreciates the change of pace.
The fire elemental disappears in a puff of smoke!
You are covered in liquid flames!
A yak comes into view.
Your Fighting skill increases to level 12!
You slash the troll!
You feel better.
The troll is lightly wounded.
You are covered in liquid flames!
Nergalle the Soulbinder comes into view.
She is wielding a +0 dagger of venom.
You block the troll's attack. The troll claws you!
* * * LOW HITPOINT WARNING * * *
The troll claws you!
* * * LOW HITPOINT WARNING * * *
You slash the troll!
The troll is moderately wounded.
You are covered in liquid flames!
* * * LOW HITPOINT WARNING * * *
You block the troll's attack. The troll closely misses you.
The troll claws you.
* * * LOW HITPOINT WARNING * * *
You hit the troll.
You feel better.
The troll is moderately wounded.
Nergalle gestures at you while chanting.
Orcish apparitions take form around you.
The troll bites you!
* * * LOW HITPOINT WARNING * * *
The troll claws you but does no damage. x2
You barely miss the troll.
The troll is moderately wounded.
The troll bites you but does no damage. The troll claws you but does no damage.
The troll claws you.
* * * LOW HITPOINT WARNING * * *
The spectral orc warrior hits you from afar with a +0 glaive.
You die...

.....#.:..c#......#.......####
........... .....##.....##..#.
.......... .................
........!# .......#######...
.........#####..... ##..(.
........oY.....# # ######...##
#..............#####...###..##
##.........T##..)[.....###...
#...).......)@...!####....#..<
......#.....)..Z.#####.......#
.......###....†..##......##...
...#### #.......[........#...
.8 #.......####[......... .
#.......# #..)........
.........# ##..........
#.#......## #...........
.##......# #...........


You could see Nergalle, a spectral orc warrior (summoned), a yak and a troll.

Vanquished Creatures
  2 two-headed ogres
  A deep elf pyromancer (D:10)
  An ugly thing (D:9)
  Joseph (D:10)
  A gargoyle (D:10)
  Psyche (D:9)
  A hornet (D:8)
  A troll (D:10)
  Grinder (D:3)
  Sigmund (D:4)
  2 shadows
  10 yaks
  Eustachio (D:6)
  Grum (D:8)
  3 wyverns (D:9)
  5 vampire mosquitoes (D:10)
  A two-headed ogre zombie (D:10)
  Duvessa (D:3)
  2 acid dragons
  5 orc warriors
  An ice beast (D:5)
  A sky beast (D:8)
  2 black bears
  4 wolves (D:8)
  A necrophage (D:8)
  2 ogres
  3 centaurs
  2 phantoms
  2 kobold brigands
  2 bullfrogs
  A wyvern zombie (D:8)
  A scorpion (D:5)
  Dowan (D:3)
  2 troll zombies (D:10)
  A wyvern skeleton (D:5)
  5 wights (D:8)
  3 howler monkeys
  A bullfrog zombie (D:7)
  3 centaur zombies
  4 hounds
  Crazy Yiuf (D:4)
  2 bullfrog skeletons
  7 orc priests
  3 gnoll shamans
  6 iguanas
  Natasha (thrice) (D:3)
  11 orc wizards
  2 ogre zombies (D:10)
  12 gnolls
  6 adders
  A shadow imp (D:6)
  An ufetubus (D:6)
  An adder zombie (D:5)
  3 worms
  3 dart slugs
  31 orcs
  3 ball pythons (D:2)
  2 bats (D:1)
  4 endoplasms
  A giant cockroach (D:1)
  15 goblins
  11 hobgoblins
  4 jackals
  12 kobolds
  A quokka (D:1)
  3 frilled lizards
  A goblin zombie (D:10)
  4 hobgoblin zombies (D:10)
  3 orc skeletons (D:10)
  6 orc zombies (D:10)
  2 rats
  A spectral orc (D:8)
250 creatures vanquished.

Vanquished Creatures (others)
  An unseen horror (D:10)
  A gnoll (D:9)
  7 fungi (D:10)
  4 plants (D:9)
13 creatures vanquished.

Grand Total: 263 creatures vanquished

Notes
Turn   | Place    | Note
-------+----------+-------------------------------------------
     0 | D:1      | MrIGI the Mummy Fighter began the quest for the Orb.
     0 | D:1      | Reached XP level 1. HP: 18/18 MP: 1/1
   289 | D:1      | Reached XP level 2. HP: 18/24 MP: 2/2
   788 | D:1      | Found a faded altar of an unknown god.
  1108 | D:1      | Prayed at the altar of an unknown god.
  1108 | D:1      | Became a worshipper of Vehumet
  1108 | D:1      | Reached * piety under Vehumet
  1108 | D:1      | Offered knowledge of Foxfire by Vehumet.
  1110 | D:1      | Fell from the grace of Vehumet
  1142 | D:2      | Reached XP level 3. HP: 29/29 MP: 3/3
  1974 | D:3      | Noticed Grinder
  2000 | D:3      | Killed Grinder
  2001 | D:3      | Reached skill level 4 in Fighting
  2001 | D:3      | Reached XP level 4. HP: 38/38 MP: 4/4
  2001 | D:3      | Reached XP level 5. HP: 43/43 MP: 5/5
  2083 | D:3      | Noticed Natasha
  2091 | D:3      | Killed Natasha
  2092 | D:3      | Reached XP level 6. HP: 28/50 MP: 6/6
  2241 | D:3      | Noticed Natasha
  2251 | D:3      | Killed Natasha
  2296 | D:3      | Reached skill level 5 in Fighting
  2545 | D:3      | Identified the +1 chain mail of Undesirable Species {Str+5
                  | Dex-3}
  2824 | D:3      | Found an ornate altar of the Wu Jian Council.
  2825 | D:3      | Noticed Natasha
  2847 | D:3      | Killed Natasha
  3104 | D:3      | Found a sparkling altar of Nemelex Xobeh.
  3105 | D:3      | Found an iron altar of Okawaru.
  3357 | D:4      | Noticed Duvessa
  3357 | D:4      | Noticed Dowan
  3554 | D:3      | Reached skill level 1 in Dodging
  3587 | D:3      | Killed Duvessa
  3588 | D:3      | Reached skill level 1 in Maces & Flails
  3588 | D:3      | Reached XP level 7. HP: 48/56 MP: 7/7
  3604 | D:3      | Killed Dowan
  3694 | D:4      | Noticed Sigmund
  3855 | D:4      | Identified the +7 hand axe of Unabass {vamp, Fly}
  3962 | D:5      | Entered Level 5 of the Dungeon
  4014 | D:5      | Noticed a yak
  4032 | D:5      | Killed a yak
  4033 | D:5      | Reached skill level 6 in Fighting
  4033 | D:5      | Reached skill level 1 in Axes
  4117 | D:5      | Found a shimmering altar of Xom.
  4268 | D:5      | Reached XP level 8. HP: 65/65 MP: 8/8
  4367 | D:5      | Reached skill level 7 in Fighting
  4444 | D:5      | Found a staircase to the Ecumenical Temple.
  4690 | D:5      | Reached skill level 5 in Axes
  4857 | D:5      | Found a sacrificial altar of Ru.
  4861 | D:5      | Found an ornate altar of the Wu Jian Council.
  4861 | D:5      | Found a sparkling altar of Nemelex Xobeh.
  4863 | D:5      | Found a shimmering altar of Xom.
  4863 | D:5      | Found a hide-covered altar of Uskayaw.
  4863 | D:5      | Found a basalt altar of Yredelemnul.
  5502 | Temple   | Entered the Ecumenical Temple
  5553 | Temple   | Became a worshipper of Cheibriados the Contemplative
  5650 | D:6      | Reached XP level 9. HP: 72/72 MP: 9/9
  5798 | D:4      | Found a runed translucent door.
  5799 | D:4      | Noticed Crazy Yiuf
  5808 | D:4      | Killed Crazy Yiuf
  5940 | D:4      | Killed Sigmund
  6313 | D:6      | Reached * piety under Cheibriados
  6642 | D:6      | Noticed Eustachio
  6658 | D:6      | Killed Eustachio
  6659 | D:6      | Reached skill level 5 in Armour
  6689 | D:6      | Was forgiven by Vehumet
  7103 | D:7      | Found a shadowy altar of Dithmenos.
  7136 | D:7      | Reached skill level 1 in Invocations
  7231 | D:7      | Found an ancient bone altar of Kikubaaqudgha.
  7481 | D:7      | Reached skill level 8 in Fighting
  7553 | D:7      | Reached ** piety under Cheibriados
  7894 | D:8      | Reached skill level 1 in Stealth
  8063 | D:8      | Found a basalt altar of Yredelemnul.
  8138 | D:8      | Noticed Grum
  8162 | D:8      | Killed Grum
  8265 | D:8      | Reached XP level 10. HP: 59/81 MP: 11/11
  8287 | D:8      | Found a burning altar of Makhleb.
  8293 | D:8      | Reached *** piety under Cheibriados
  8612 | D:8      | Noticed a two-headed ogre
  8620 | D:8      | Killed a two-headed ogre
  9259 | D:9      | Identified a scroll of acquirement
  9327 | D:9      | Noticed Psyche
  9348 | D:9      | HP: 2/82 [something (6)]
  9354 | D:9      | HP: 1/82 [gnoll/+0 antimagic spear (6)]
  9443 | D:9      | Killed Psyche
  9553 | D:9      | Found a runed translucent door.
  9589 | D:9      | Reached **** piety under Cheibriados
  9592 | D:9      | Reached skill level 9 in Fighting
  9849 | D:9      | Found a stormy altar of Qazlal.
  9904 | D:9      | Noticed a white ugly thing
 10232 | D:9      | Killed a white ugly thing
 10259 | D:10     | Entered Level 10 of the Dungeon
 10266 | D:10     | Found a staircase to the Lair.
 10330 | D:10     | Noticed a two-headed ogre
 10340 | D:10     | Killed a two-headed ogre
 10341 | D:10     | Reached XP level 11. HP: 42/90 MP: 14/14
 10377 | D:10     | Reached skill level 10 in Fighting
 10521 | D:10     | HP: 2/92 [gargoyle/+0 mace (10)]
 10646 | D:10     | Noticed Joseph
 10662 | D:10     | Killed Joseph
 10663 | D:10     | Reached skill level 11 in Fighting
 10683 | D:10     | Reached ***** piety under Cheibriados
 10708 | D:10     | HP: 3/93 [troll (3)]
 10717 | D:10     | HP: 4/93 [centaur warrior zombie (6)]
 10845 | D:10     | Noticed a deep elf pyromancer
 10863 | D:10     | Killed a deep elf pyromancer
 10864 | D:10     | Reached skill level 12 in Fighting
 10864 | D:10     | Noticed Nergalle
 10867 | D:10     | HP: 3/95 [troll (6)]
 10867 | D:10     | Slain by a spectral orc warrior

Illustrated notes

Levels and vault maps discovered:
D:1:      eino_arrival_cavern_e, layout_loops_cross,
          shapermc_ecumenical_altar_mp_highgroup, minmay_cupped
D:2:      layout_loops_ring, small_statue_intersection
D:3:      layout_loops_ring, nicolae_overflow_crystal_walls,
          gammafunk_temple_overflow_statue, feat_on_display, uniq_grinder,
          uniq_natasha
D:4:      layout_cave_pools, grunt_ministairs_6, uniq_crazy_yiuf_cottage,
          uniq_sigmund, uniq_duvessa
D:5:      minmay_angry_zag, layout_basic, doesnt_xom_only_xom,
          minmay_temple_entry_junction_2, kennysheep_diamond,
          minmay_quadrilaterals
D:6:      layout_loops_corners, minivault_5, chequers_serial_rivers_room_b,
          uniq_eustachio
D:7:      layout_gridville, mainiacjoe_overflow_paths, kennysheep_mini
D:8:      layout_cave_pods, mainiacjoe_overflow_alcove_2,
          yredelemnul_forgotten_temple_becter, enter_bailey_4, uniq_grum
D:9:      cheibrodos_two_vegetables, layout_cave_pools,
          nicolae_qazlal_style_of_elements, lightli_church_of_beogh, uniq_psyche
D:10:     hangedman_cross_stitches, layout_cave_pools, kennysheep_little_box,
          nicolae_gozag_cash_rules_everything_around_me, fedhas_altar_1,
          mainiacjoe_overflow_boulevard, lair_entry_dummy, zombieorc2_lemuel,
          nicolae_trove_entry_crystal, ebering_ghost_inner_flame, uniq_nergalle,
          uniq_joseph
Temple:   jpeg_temple_island

Skill      XL: |  1  2  3  4  5  6  7  8  9 10 11 |
---------------+----------------------------------+-----
Armour         | 3 4 5 6 |  6.8
Fighting       | 4 5 6 7 8 9 12 | 12.1
Shields        | 3 4 |  4.2
Dodging        | 1 2 |  2.6
Maces & Flails | 1 |  1.3
Axes           | 2 5 7 8 |  8.1
Invocations    | 2 4 |  4.0
Stealth        | 1 |  1.3
Polearms       | |  1.6

Action                   |  1- 3 |  4- 6 |  7- 9 | 10-12 || total
-------------------------+-------+-------+-------+-------++-------
Melee: Trident           |   137 |    81 |       |       ||   218
       Flail             |       |    75 |    40 |       ||   115
       Hand axe          |       |       |   280 |   330 ||   610
Invok: Renounce Religion |     1 |       |       |       ||     1
       Bend Time         |       |       |       |     5 ||     5
  Use: Scroll            |       |     3 |       |     9 ||    12
Armor: Scale mail        |    63 |    18 |       |       ||    81
       Chain mail        |       |    75 |   178 |   189 ||   442
Dodge: Dodged            |    58 |    72 |   151 |   177 ||   458
Block: Buckler           |    20 |    33 |    66 |    96 ||   215
